 Dungeon Crawl Stone Soup version 0.29.0-11-gd7f09526c8 (webtiles) character file.

Game seed: 5948100511334917583

3092 RKaid the Zephyrmancer (level 9, -14/45 HPs)
             Began as a Tengu Air Elementalist on Sept 3, 2022.
             Was a Follower of Vehumet.
             Shot with a bolt by a death knight (38 damage)
             ... on level 8 of the Dungeon.
             The game lasted 00:35:11 (11909 turns).

RKaid the Zephyrmancer (Tengu Air Elementalist)    Turns: 11909, Time: 00:35:11

Health: -14/45     AC:  3    Str: 10    XL:     9   Next: 89%
Magic:  19/20      EV: 19    Int: 19    God:    Vehumet [*.....]
Gold:   1394       SH:  0    Dex: 14    Spells: 15/22 levels left

rFire   + . .      SeeInvis +   b - +2 whip (elec)
rCold   . . .      Faith    .   (no shield)
rNeg    . . .      Spirit   .   v - +1 robe
rPois   +          Reflect  .   (helmet restricted)
rElec   .          Harm     .   o - scarf {repulsion}
rCorr   .          Rampage  .   (no gloves)
Will    .....                   (boots unavailable)
Stlth   ++........              (no amulet)
HPRegen 0.15/turn               g - ring of poison resistance {rPois}
MPRegen 0.17/turn               r - ring of Gemeak {rF+ SInv}

@: flying quickly and evasively, repel missiles, quick
A: beak, talons 3, nimble flight
a: Renounce Religion


You were on level 8 of the Dungeon.
You worshipped Vehumet.
Vehumet was aware of your devotion.
You visited 2 branches of the dungeon, and saw 9 of its levels.

You collected 1394 gold pieces.

Inventory:

Hand Weapons
 a - a +3 dagger
   (You took it off Dowan on level 6 of the Dungeon)
 b - a +2 whip of electrocution (weapon)
   (You took it off a kobold on level 8 of the Dungeon)
 q - a +1 sling
   (You took it off a goblin on level 2 of the Dungeon)
Missiles
 d - 76 stones (quivered)
 k - 3 throwing nets {=f}
 p - 22 poisoned darts
Armour
 o - a scarf of repulsion (worn)
   (You found it on level 4 of the Dungeon)
 v - a +1 robe (worn)
Magical Staves
 f - a staff of fire {rF+}
   (You found it on level 5 of the Dungeon)
 n - a staff of fire {rF+}
   (You found it on level 1 of the Dungeon)
Jewellery
 g - a ring of poison resistance (left hand) {rPois}
   (You found it on level 1 of the Dungeon)
 j - a ring of ice {rC+, rF-}
   (You found it on level 2 of the Dungeon)
 r - the ring of Gemeak (right hand) {rF+ SInv}
   (You acquired it on level 4 of the Dungeon)

   [ring of see invisible]

   rF:        It protects you from fire.
   SInv:      It lets you see invisible.
 C - a ring of see invisible {sInv}
   (You found it on level 8 of the Dungeon)
Wands
 u - a wand of mindburst (3)
   (You found it on level 7 of the Dungeon)
 B - a wand of roots (2)
   (You found it on level 6 of the Dungeon)
Scrolls
 e - 3 scrolls of enchant weapon
 i - 2 scrolls of identify
 l - a scroll of blinking {!r}
 s - 3 scrolls of amnesia
 t - 3 scrolls of teleportation
 w - a scroll of summoning {unknown}
Potions
 c - 7 potions of curing
 h - 2 potions of heal wounds
 m - a potion of lignification {!q}
 x - 2 potions of berserk rage {!q}
 y - 2 potions of magic
 z - a potion of haste


   Skills:
 + Level 8.6 Dodging
 - Level 2.0 Stealth
 + Level 7.2 Spellcasting
 - Level 4.0 Conjurations
 + Level 10.7 Air Magic


You had 15 spell levels left.
You knew the following spells:

 Your Spells              Type           Power      Damage    Failure   Level
a - Shock                 Conj/Air       100%       1d9       1%          1
b - Static Discharge      Conj/Air       34%        3-8/arc   1%          2
c - Airstrike             Air            23%        2d(4-20)  1%          4

Your spell library contained the following spells:

 Spells                   Type           Power      Damage    Failure   Level
 Magic Dart               Conj           88%        1d7       1%          1
 Swiftness                Air            47%        N/A       1%          3


Dungeon Overview and Level Annotations

Branches:
Dungeon (8/15)             Temple (1/1) D:5
   Lair: D:8-11

Altars:
Ashenzari
Dithmenos
Elyvilon
Fedhas
Gozag
Hepliaklqana
Nemelex Xobeh
Okawaru
Qazlal
Ru
Trog
Uskayaw
Vehumet
Wu Jian
Xom
Yredelemnul
Zin
The Shining One

Annotations:
D:4 1 exclusion, Eustachio
D:6 Maggie
D:7 exclusions: electric eel and 3 more exclusions


Innate Abilities, Weirdness & Mutations

You have a beak for a mouth.
You have claws for feet.
Your magical nature lets you fly swiftly and evasively.


Message History

Aiming: Shock (safe; 1% risk of failure)
Press: ? - help, Shift-Dir - straight line, f/p - kobold brigand
Aim: a kobold brigand, wielding a +0 club and quivering curare-tipped darts (heavily wounded, 67% to hit)
The zap misses the kobold brigand.
The kobold brigand misses you.
Casting: Shock (safe; 1% risk of failure)
Confirm with . or Enter, or press ? or * to list all spells.
Aiming: Shock (safe; 1% risk of failure)
Press: ? - help, Shift-Dir - straight line, f/p - kobold brigand
Aim: a kobold brigand, wielding a +0 club and quivering curare-tipped darts (heavily wounded, 67% to hit)
The zap misses the kobold brigand.
The kobold brigand misses you.
Casting: Shock (safe; 1% risk of failure)
Confirm with . or Enter, or press ? or * to list all spells.
Aiming: Shock (safe; 1% risk of failure)
Press: ? - help, Shift-Dir - straight line, f/p - kobold brigand
Aim: a kobold brigand, wielding a +0 club and quivering curare-tipped darts (heavily wounded, 67% to hit)
The zap hits the kobold brigand.
The kobold brigand hits you with a +0 club.
Casting: Shock (safe; 1% risk of failure)
Confirm with . or Enter, or press ? or * to list all spells.
Aiming: Shock (safe; 1% risk of failure)
Press: ? - help, Shift-Dir - straight line, f/p - kobold brigand
Aim: a kobold brigand, wielding a +0 club and quivering curare-tipped darts (severely wounded, 67% to hit)
The zap hits the kobold brigand.
The kobold brigand closely misses you.
Casting: Shock (safe; 1% risk of failure)
Confirm with . or Enter, or press ? or * to list all spells.
Aiming: Shock (safe; 1% risk of failure)
Press: ? - help, Shift-Dir - straight line, f/p - kobold brigand
Aim: a kobold brigand, wielding a +0 club and quivering curare-tipped darts (severely wounded, 67% to hit)
The zap hits the kobold brigand.
The kobold brigand completely misses you.
Casting: Shock (safe; 1% risk of failure)
Confirm with . or Enter, or press ? or * to list all spells.
Aiming: Shock (safe; 1% risk of failure)
Press: ? - help, Shift-Dir - straight line, f/p - kobold brigand
Aim: a kobold brigand, wielding a +0 club and quivering curare-tipped darts (almost dead, 67% to hit)
You miscast Shock.
You are very lightly contaminated with residual magic.
Nothing appears to happen.
The kobold brigand completely misses you.
Casting: Shock (safe; 1% risk of failure)
Confirm with . or Enter, or press ? or * to list all spells.
Aiming: Shock (safe; 1% risk of failure)
Press: ? - help, Shift-Dir - straight line, f/p - kobold brigand
Aim: a kobold brigand, wielding a +0 club and quivering curare-tipped darts (almost dead, 67% to hit)
The zap hits the kobold brigand!
You kill the kobold brigand!
Vehumet accepts your kill.
You start resting.
Your magical contamination has completely faded away.
Unknown command.
Things that are here:
a +0 club; a curare-tipped dart You start resting.
Things that are here:
a +0 whip; a boomerang A kobold brigand comes into view.
It is wielding a +0 whip and quivering curare-tipped darts.
Casting: Shock (safe; 1% risk of failure)
Confirm with . or Enter, or press ? or * to list all spells.
Aiming: Shock (safe; 1% risk of failure)
Press: ? - help, Shift-Dir - straight line, f - kobold brigand
Aim: a kobold brigand, wielding a +0 whip and quivering curare-tipped darts (wandering, hasn't noticed you, 67% to hit)
The zap hits the kobold brigand.
The kobold brigand shouts!
You hear a shout! x2
The kobold brigand throws a curare-tipped dart.
The curare-tipped dart hits you.
You have difficulty breathing.
You feel yourself slow down.
Casting: Shock (safe; 1% risk of failure)
Confirm with . or Enter, or press ? or * to list all spells.
Aiming: Airstrike (dangerous; 1% risk of failure)
Press: ? - help, Dir - move target, f/p - kobold brigand
Aim: a kobold brigand, wielding a +0 whip and quivering curare-tipped darts (moderately wounded, empty space bonus: 3/8)
The air twists around and strikes the kobold brigand!
A death knight comes into view.
It is wielding the +2 arbalest of Xom {flame, rPois rCorr Str-4 SInv}.
Press: ? - help, v - describe, . - travel
Here: a death knight, wielding the +2 arbalest of Xom {flame, rPois rCorr Str-4 SInv} and wearing a +0 chain mail The floor.
Unknown command.
Aiming: Fastroot
Press: ? - help, Shift-Dir - straight line, f - death knight
Aim: a death knight, wielding the +2 arbalest of Xom {flame, rPois rCorr Str-4 SInv} and wearing a +0 chain mail The roots erupt in riotous growth!
Roots grab the death knight.
The grasping roots constrict the death knight.
You hear a shout!
You hear an angry buzzing noise. x2
The roots release their grip on the death knight.
The death knight calls down the wrath of Yredelemnul upon you.
Your body is wracked with pain!
The death knight calls down the wrath of Yredelemnul upon you.
You barely resist.
Things that are here:
a +0 whip; a boomerang The death knight shoots a bolt.
The bolt barely misses you.
Things that are here:
a +0 shortbow; a centaur skeleton The death knight offers itself to Yredelemnul, and fills with unholy energy.
The death knight shoots a bolt.
The bolt misses you.
You feel yourself speed up.
The death knight shoots a bolt.
The bolt hits you!!!
Ouch! That really hurt!
You die...

#.♣p♣.#..#.# ##♣)♣##..#.#
#..)..#..#.###
#.♣♣♣)#......####### #p♣
♣.#.##.#.#.....#
#.♣♣♣.#.##.#.#.###.#
#.....#.##.#.#.# #)#
############.###.##.#.#<# #†#
#............@...##.#.#####)#
#.######.###.###.##.#.......#
#.# #.........##.#########
#.# ############.# #.#
#.....# #.# #.#####
#.#############.#
#...............#
#################


You could see a death knight (reflects damage).

Vanquished Creatures
  A centaur warrior (D:8)
  A wyvern (D:6)
  Duvessa (D:6)
  A water moccasin (D:6)
  An ice beast (D:8)
  The ghost of ALo the Trooper, an amateur MiBe of Trog (D:6)
  3 ogres
  3 centaurs
  2 kobold brigands (D:8)
  A bullfrog (D:5)
  A necrophage (D:8)
  4 scorpions
  A wight (D:8)
  Dowan (D:6)
  6 killer bees
  4 howler monkeys
  2 hounds (D:4)
  2 orc priests
  2 iguanas
  5 orc wizards
  9 adders
  3 white imps
  A worm (D:5)
  A dart slug (D:1)
  13 orcs
  6 endoplasms
  2 giant cockroaches (D:4)
  6 goblins
  5 hobgoblins
  8 kobolds
  3 quokkas
  7 ball pythons
  6 bats
  4 frilled lizards
  4 rats
121 creatures vanquished.

Vanquished Creatures (others)
  2 fungi (D:2)
  47 plants
49 creatures vanquished.

Grand Total: 170 creatures vanquished

Notes
Turn   | Place    | Note
-------+----------+-------------------------------------------
     0 | D:1      | RKaid the Tengu Air Elementalist began the quest for the
                  | Orb.
     0 | D:1      | Reached XP level 1. HP: 10/10 MP: 4/4
   509 | D:1      | Reached XP level 2. HP: 15/15 MP: 3/6
   739 | D:1      | Reached skill level 2 in Conjurations
  1486 | D:2      | Found a faded altar of an unknown god.
  1603 | D:2      | Reached XP level 3. HP: 19/19 MP: 5/7
  2140 | D:3      | Found a broken altar of Ashenzari.
  2422 | D:2      | Reached XP level 4. HP: 24/24 MP: 4/8
  2458 | D:2      | Learned a level 2 spell: Static Discharge
  2480 | D:2      | Reached skill level 3 in Dodging
  2500 | D:2      | Reached skill level 3 in Conjurations
  2727 | D:2      | Reached skill level 5 in Air Magic
  2727 | D:2      | Gained mutation: Your magical nature lets you fly swiftly
                  | and evasively. [Tengu growth]
  2727 | D:2      | Reached XP level 5. HP: 11/28 MP: 2/10
  4331 | D:4      | Identified 2 scrolls of acquirement
  4331 | D:4      | Acquired the ring of Gemeak {rF+ SInv}
  4334 | D:4      | Acquired 1007 gold pieces
  4386 | D:4      | Reached skill level 3 in Spellcasting
  4511 | D:4      | Noticed Eustachio
  4758 | D:4      | Found a blossoming altar of Fedhas.
  5194 | D:4      | Reached skill level 4 in Conjurations
  5194 | D:4      | Reached XP level 6. HP: 26/32 MP: 4/11
  5266 | D:4      | Reached skill level 4 in Dodging
  5729 | D:5      | Entered Level 5 of the Dungeon
  5794 | D:5      | Found an iron altar of Okawaru.
  5844 | D:5      | Reached skill level 6 in Air Magic
  6177 | D:5      | Reached XP level 7. HP: 19/36 MP: 1/13
  6377 | D:5      | Reached skill level 4 in Spellcasting
  6590 | D:5      | Reached skill level 5 in Dodging
  6797 | D:5      | Found a staircase to the Ecumenical Temple.
  6803 | Temple   | Entered the Ecumenical Temple
  7075 | Temple   | Became a worshipper of Vehumet
  7419 | D:5      | Reached skill level 7 in Air Magic
  7660 | D:6      | Reached XP level 8. HP: 28/41 MP: 7/16
  8057 | D:6      | Noticed Maggie
  8116 | D:6      | Found a shadowy altar of Dithmenos.
  8119 | D:6      | Noticed Duvessa
  8157 | D:6      | Reached skill level 6 in Dodging
  8157 | D:6      | Reached skill level 5 in Spellcasting
  8233 | D:6      | Learned a level 4 spell: Airstrike
  8329 | D:6      | Found a runed translucent door.
  8329 | D:6      | Noticed ALo's ghost (amateur MiBe)
  8498 | D:6      | Reached skill level 8 in Air Magic
  8976 | D:6      | HP: 1/41 [ALo's ghost (10)]
  9317 | D:6      | Killed ALo's ghost
  9422 | D:6      | Killed Duvessa
  9424 | D:6      | Noticed Dowan
  9571 | D:6      | Killed Dowan
  9800 | D:7      | Reached skill level 7 in Dodging
  9806 | D:7      | Reached skill level 9 in Air Magic
  9809 | D:7      | Reached XP level 9. HP: 39/45 MP: 2/18
  9824 | D:6      | HP: 11/45 [killer bee (6)]
 10014 | D:6      | Reached skill level 6 in Spellcasting
 11422 | D:8      | Reached * piety under Vehumet
 11422 | D:8      | Offered knowledge of Magic Dart by Vehumet.
 11460 | D:8      | Reached skill level 8 in Dodging
 11460 | D:8      | Reached skill level 10 in Air Magic
 11582 | D:8      | Noticed a centaur warrior
 11598 | D:8      | Killed a centaur warrior
 11599 | D:8      | Reached skill level 7 in Spellcasting
 11891 | D:8      | Identified the +2 arbalest of Xom {flame, rPois rCorr Str-4
                  | SInv}
 11891 | D:8      | Noticed a death knight
 11909 | D:8      | Shot with a bolt by a death knight

Illustrated notes

Levels and vault maps discovered:
D:1:      heliophobic_arrival_dark_side_of_the_moon, layout_basic,
          wander_ebering_terrifying_dragon_lair
D:2:      cheibrodos_pilgrimage, layout_loops_ring,
          dreamdust_ecumenical_altar_grove, minmay_misc_feat_ornament
D:3:      layout_basic, nicolae_ashenzari_skybound,
          chequers_serial_rivers_micro_d
D:4:      layout_loops_corners, mainiacjoe_overflow_tiny_flanked, uniq_eustachio
D:5:      cheibrodos_helix_gallery, layout_loops_ring, old_standard_altar,
          minmay_temple_entry_fiery, minmay_hedge_maze
D:6:      layout_loops_ring, nicolae_dithmenos_the_darkroom,
          gammafunk_ghost_grave, uniq_duvessa, uniq_maggie
D:7:      layout_cave_pools, nicolae_zen_rock_garden, water_maze_lemuel
D:8:      nzn_winding_woodlands_large [nzn_winding_woodlands_5x5_open_star,
          nzn_winding_woodlands_5x15_jagged, nzn_winding_woodlands_5x5_default,
          nzn_winding_woodlands_center_triple_pond,
          nzn_winding_woodlands_15x15_five_gardens,
          nzn_winding_woodlands_center_diamonds,
          nzn_winding_woodlands_5x5_perimeter,
          nzn_winding_woodlands_5x15_split_checker,
          nzn_winding_woodlands_5x5_closed_star], layout_basic,
          cheibriados_altar_1, erik_lair_orcish_takeover, minmay_manual_moon
Temple:   minmay_temple_curvy_branch

Skill      XL: |  1  2  3  4  5  6  7  8  9 |
---------------+----------------------------+-----
Conjurations   | 2 3 4 |  4.0
Dodging        | 3 4 5 7 8 |  8.6
Air Magic      | 5 6 7 9 10 | 10.7
Spellcasting   | 3 4 5 7 |  7.2
Stealth        | |  2.0

Action                   |  1- 3 |  4- 6 |  7- 9 || total
-------------------------+-------+-------+-------++-------
 Fire: Sling             |       |     6 |       ||     6
Throw: Throwing net      |       |     1 |       ||     1
 Cast: Shock             |    67 |   134 |   162 ||   363
       Static Discharge  |       |     1 |     5 ||     6
       Airstrike         |       |       |    25 ||    25
Evoke: Wand              |       |       |     5 ||     5
  Use: Scroll            |     4 |     8 |     8 ||    20
Armor: Robe              |     9 |     3 |     5 ||    17
Dodge: Dodged            |    25 |    21 |   106 ||   152
       Repelled          |       |     1 |     1 ||     2

Table legend: (Time is in decaauts)
 A = Elapsed time spent in this place.
 B = Non-inter-level travel time spent in this place.
 C = Inter-level travel time spent in this place.
 D = Time resting spent in this place.
 E = Time spent auto-exploring this place.
 F = Levels seen in this place.
 G = Mean time per level.
                   A        B        C        D        E       F      G
               +--------+--------+--------+--------+--------+-----+--------+
         Total |  11432 |  11121 |    311 |   4794 |   4701 |   9 | 1270.2 |
       Dungeon |  11162 |  10892 |    270 |   4794 |   4477 |   8 | 1395.2 |
        Temple |    269 |    228 |     41 |      0 |    223 |   1 |  269.0 |
               +--------+--------+--------+--------+--------+-----+--------+

Top non-repeatable levels by time:
     D:6: 2102 daAuts
     D:5: 1910 daAuts
     D:3: 1474 daAuts
     D:1: 1386 daAuts
     D:4: 1377 daAuts
     D:2: 1291 daAuts
     D:8: 825 daAuts
     D:7: 795 daAuts
  Temple: 269 daAuts

Table legend:
 A = Kills in this place as a percentage of kills in entire the game.
 B = Kills by you in this place as a percentage of kills by you in the entire game.
 C = Kills by friends in this place as a percentage of kills by friends in the entire game.
 D = Other kills in this place as a percentage of other kills in the entire game.
 E = Experience gained in this place as a percentage of experience gained in the entire game.
 F = Experience gained in this place divided by the number of levels of this place that you have seen.
                   A       B       C       D       E      F
               +-------+-------+-------+-------+-------+----------------------
         Total | 100.0 | 100.0 |   N/A |   N/A | 100.0 | 490.9
       Dungeon | 100.0 | 100.0 |   N/A |   N/A | 100.0 | 552.2
               +-------+-------+-------+-------+-------+----------------------
